| TOP OF THE 1ST |
|
Lake County Captains batting - Pitching for Hickory Crawdads : RHP Jared Pollard
|
|
Pitching: RHP Jared Pollard
|
|
|
Batting: LHB Frank Hill
|
0-0: Foul Ball, location: 2F 0-1: Ball 1-1: Ball 2-1: Ball 3-1: Base on Balls
|
|
Batting: RHB Tony Gonzales
|
Pickoff Throw to First - Out! 1-3 0-0: Called Strike 0-1: Ball 1-1: SINGLE (Groundball, 3D, EV 96.9 MPH)
|
|
Batting: RHB Josh Patterson
|
0-0: Called Strike 0-1: Swinging Strike 0-2: Ball 1-2: Ball 2-2: Ball 3-2: Strikes out swinging Tony Gonzales is caught stealing 2nd base 2-4 Batter strikes out.
|
| Top of the 1st over - 0 runs, 1 hit, 0 errors, 0 left on base; Lake County 0 - Hickory 0 |
| BOTTOM OF THE 1ST |
|
Hickory Crawdads batting - Pitching for Lake County Captains : RHP Nesty Pulido
|
|
Pitching: RHP Nesty Pulido
|
|
|
Batting: RHB Aaron Moore
|
0-0: Ball 1-0: Ball 2-0: Ground out 1-3 (Groundball, 15, EV 67.5 MPH)
|
|
Batting: RHB Danny Murillo
|
0-0: Ball 1-0: SINGLE (Line Drive, 7S, EV 90.6 MPH)
|
|
Batting: RHB Dermott Neill
|
0-0: Ball 1-0: Called Strike 1-1: Swinging Strike 1-2: Ball 2-2: Ground out 6-3 (Groundball, 6, EV 86.2 MPH) Danny Murillo to second
|
|
Batting: LHB Alfonso Collazo
|
0-0: Called Strike 0-1: Foul Ball, location: 2F 0-2: Ball 1-2: Ball 2-2: Ground out 1-3 (Groundball, 13S, EV 72.5 MPH)
|
| Bottom of the 1st over - 0 runs, 1 hit, 0 errors, 1 left on base; Lake County 0 - Hickory 0 |
| TOP OF THE 2ND |
|
Lake County Captains batting - Pitching for Hickory Crawdads : RHP Jared Pollard
|
|
Batting: LHB Esteban Cordova
|
0-0: Called Strike 0-1: Foul Ball, location: 2F 0-2: Foul Ball, location: 2F 0-2: SINGLE (Groundball, 4MD, EV 109.4 MPH)
|
|
Batting: RHB Jose Valtierra
|
0-0: Ball 1-0: Called Strike 1-1: Called Strike 1-2: Fielders Choice at 2nd, 3-6 (Groundball, 3S, EV 84.4 MPH)
|
|
Batting: RHB Patrick Pinault
|
0-0: Ball 1-0: Ball 2-0: Called Strike 2-1: Foul Ball, location: 2F 2-2: Foul Ball, location: 2F 2-2: Strikes out swinging
|
|
Batting: RHB Leo Villa
|
0-0: SINGLE (Groundball, 56D, EV 101.9 MPH) Jose Valtierra to second
|
|
Batting: RHB Tacito Carreiro
|
0-0: Called Strike 0-1: Foul Ball, location: 2F 0-2: Ball 1-2: Ground out 3-1 (Groundball, 34, EV 76.9 MPH)
|
| Top of the 2nd over - 0 runs, 2 hits, 0 errors, 2 left on base; Lake County 0 - Hickory 0 |
| BOTTOM OF THE 2ND |
|
Hickory Crawdads batting - Pitching for Lake County Captains : RHP Nesty Pulido
|
|
Batting: RHB Danny Weisse
|
0-0: Ball 1-0: Reached on error, E6 (Groundball, 6, EV 99.4 MPH)
|
|
Batting: RHB Jose Pineda
|
0-0: Ball 1-0: Called Strike 1-1: Fielders Choice at 2nd, 4-6 (Groundball, 34S, EV 85.6 MPH)
|
|
Batting: RHB Zach Thomason
|
0-0: Called Strike Jose Pineda steals 2nd base 0-1: DOUBLE (Line Drive, 7LM, EV 106.9 MPH) Jose Pineda scores
|
|
Batting: RHB Edwin Soto
|
0-0: Fly out, F5 (Line Drive, 5, EV 70.0 MPH) Lined into DP, 5-4 (Line Drive, 5, EV 70.6 MPH)
|
| Bottom of the 2nd over - 1 run, 1 hit, 1 error, 0 left on base; Lake County 0 - Hickory 1 |
| TOP OF THE 3RD |
|
Lake County Captains batting - Pitching for Hickory Crawdads : RHP Jared Pollard
|
|
Batting: RHB Juan Ordonez
|
0-0: Foul Ball, location: 2F 0-1: Bunt missed! 0-2: Ground out 5-3 (Groundball, 15, EV 81.2 MPH)
|
|
Batting: LHB Frank Hill
|
0-0: Foul Ball, location: 2F 0-1: DOUBLE (Groundball, 5L, EV 95.0 MPH)
|
|
Batting: RHB Tony Gonzales
|
0-0: Called Strike 0-1: Ball 1-1: Ball 2-1: Foul Ball, location: 2F 2-2: Foul Ball, location: 2F 2-2: Ball 3-2: Base on Balls
|
|
Batting: RHB Josh Patterson
|
0-0: Ball 1-0: Called Strike 1-1: Ground out 6-3 (Groundball, 56D, EV 110.0 MPH) Frank Hill to third Tony Gonzales to second
|
|
Batting: LHB Esteban Cordova
|
0-0: Ground out U3 (Groundball, 3S, EV 86.9 MPH)
|
| Top of the 3rd over - 0 runs, 1 hit, 0 errors, 2 left on base; Lake County 0 - Hickory 1 |
| BOTTOM OF THE 3RD |
|
Hickory Crawdads batting - Pitching for Lake County Captains : RHP Nesty Pulido
|
|
Batting: RHB Eduardo Chavez
|
0-0: Ball 1-0: Ball 2-0: Called Strike 2-1: DOUBLE (Flyball, 8RXD, EV 101.9 MPH)
|
|
Batting: RHB Aaron Moore
|
0-0: Called Strike 0-1: Ball 1-1: Ball 2-1: Ball 3-1: SINGLE (Flyball, 34D, EV 91.2 MPH) Eduardo Chavez to third
|
|
Batting: RHB Danny Murillo
|
0-0: Called Strike Aaron Moore steals 2nd base 0-1: Foul Ball, location: 2F 0-2: Ball 1-2: Ball 2-2: DOUBLE (Line Drive, 7LM, EV 104.4 MPH) Eduardo Chavez scores Aaron Moore scores
|
|
Batting: RHB Dermott Neill
|
0-0: Ball 1-0: Foul Ball, location: 2F 1-1: Ground out 5-3 (Groundball, 5L, EV 87.5 MPH)
|
|
Batting: LHB Alfonso Collazo
|
0-0: Swinging Strike 0-1: Foul Ball, location: 2F 0-2: Ground out U3 (Groundball, 3S, EV 83.8 MPH) Danny Murillo to third
|
|
Batting: RHB Danny Weisse
|
0-0: Called Strike 0-1: Fly out, F8 (Flyball, 8RD, EV 104.4 MPH)
|
| Bottom of the 3rd over - 2 runs, 3 hits, 0 errors, 1 left on base; Lake County 0 - Hickory 3 |
| TOP OF THE 4TH |
|
Lake County Captains batting - Pitching for Hickory Crawdads : RHP Jared Pollard
|
|
Batting: RHB Jose Valtierra
|
0-0: SOLO HOME RUN (Line Drive, 78XD, EV 117.5 MPH), Distance : 459 ft
|
|
Batting: RHB Patrick Pinault
|
0-0: Ball 1-0: Foul Ball, location: 2F 1-1: Foul Ball, location: 2F 1-2: Ball 2-2: Strikes out swinging
|
|
Batting: RHB Leo Villa
|
0-0: Ball 1-0: Ball 2-0: Called Strike 2-1: Fly out, F7 (Flyball, 78S, EV 93.8 MPH)
|
|
Batting: RHB Tacito Carreiro
|
0-0: Foul Ball, location: 2F 0-1: Ball 1-1: Foul Ball, location: 2F 1-2: Ground out 6-3 (Groundball, 6, EV 84.4 MPH)
|
| Top of the 4th over - 1 run, 1 hit, 0 errors, 0 left on base; Lake County 1 - Hickory 3 |
| BOTTOM OF THE 4TH |
|
Hickory Crawdads batting - Pitching for Lake County Captains : RHP Nesty Pulido
|
|
Batting: RHB Jose Pineda
|
0-0: Ball 1-0: Called Strike 1-1: Ball 2-1: Ball 3-1: Base on Balls
|
|
Batting: RHB Zach Thomason
|
0-0: Ball 1-0: Called Strike 1-1: Called Strike Jose Pineda steals 2nd base 1-2: Ball 2-2: Foul Ball, location: 2F 2-2: Ball 3-2: Fly out, F4 (Flyball, 4D, EV 91.2 MPH)
|
|
Batting: RHB Edwin Soto
|
0-0: Ball 1-0: Foul Ball, location: 2F 1-1: Ball 2-1: Ground out 5-3 (Groundball, 5, EV 104.4 MPH)
|
|
Batting: RHB Eduardo Chavez
|
0-0: SINGLE (Groundball, 56D, EV 100.6 MPH) Jose Pineda to third Runner from 3rd tries for Home, SAFE, throw by LF to home
|
|
Batting: RHB Aaron Moore
|
0-0: Called Strike Eduardo Chavez steals 2nd base 0-1: Ball 1-1: Ball 2-1: SINGLE (Groundball, 6S, EV 70.0 MPH) (infield hit) Eduardo Chavez to third
|
|
Batting: RHB Danny Murillo
|
0-0: Ground out 4-3 (Groundball, 4, EV 95.0 MPH)
|
| Bottom of the 4th over - 1 run, 2 hits, 0 errors, 2 left on base; Lake County 1 - Hickory 4 |
| TOP OF THE 5TH |
|
Lake County Captains batting - Pitching for Hickory Crawdads : RHP Jared Pollard
|
|
Batting: RHB Juan Ordonez
|
0-0: Ball 1-0: Ball 2-0: Called Strike 2-1: Called Strike 2-2: Ball 3-2: Strikes out swinging
|
|
Batting: LHB Frank Hill
|
0-0: Ball 1-0: Called Strike 1-1: Foul Ball, location: 2F 1-2: Ball 2-2: Ball 3-2: Fly out, F7 (Flyball, 7D, EV 96.2 MPH)
|
|
Batting: RHB Tony Gonzales
|
0-0: Ball 1-0: Foul Ball, location: 2F 1-1: Foul Ball, location: 2F 1-2: Ground out 4-3 (Groundball, 4M, EV 83.8 MPH)
|
| Top of the 5th over - 0 runs, 0 hits, 0 errors, 0 left on base; Lake County 1 - Hickory 4 |
| BOTTOM OF THE 5TH |
|
Hickory Crawdads batting - Pitching for Lake County Captains : RHP Nesty Pulido
|
|
Batting: RHB Dermott Neill
|
0-0: Called Strike 0-1: Ground out 1-3 (Groundball, 13, EV 64.4 MPH)
|
|
Batting: LHB Alfonso Collazo
|
0-0: Ball 1-0: Called Strike 1-1: Ball 2-1: Swinging Strike 2-2: Strikes out swinging
|
|
Batting: RHB Danny Weisse
|
0-0: Ball 1-0: Foul Ball, location: 2F 1-1: Swinging Strike 1-2: DOUBLE (Line Drive, 89D, EV 113.1 MPH)
|
|
Batting: RHB Jose Pineda
|
0-0: Called Strike 0-1: Fly out, F8 (Flyball, 8RD, EV 90.0 MPH)
|
| Bottom of the 5th over - 0 runs, 1 hit, 0 errors, 1 left on base; Lake County 1 - Hickory 4 |
| TOP OF THE 6TH |
|
Lake County Captains batting - Pitching for Hickory Crawdads : RHP Jared Pollard
|
|
Batting: RHB Josh Patterson
|
0-0: Ball 1-0: Ball 2-0: Ball 3-0: Called Strike 3-1: Ground out 5-3 (Groundball, 5S, EV 85.0 MPH)
|
|
Batting: LHB Esteban Cordova
|
0-0: Ball 1-0: Ball 2-0: Foul Ball, location: 2F 2-1: DOUBLE (Line Drive, 78XD, EV 103.8 MPH)
|
|
Batting: RHB Jose Valtierra
|
0-0: Swinging Strike 0-1: Ball 1-1: Ball 2-1: Ball 3-1: Called Strike 3-2: Foul Ball, location: 2F 3-2: Foul Ball, location: 2F 3-2: Ground out 5-3 (Groundball, 5, EV 103.8 MPH)
|
|
Batting: RHB Patrick Pinault
|
0-0: Ball 1-0: Called Strike 1-1: Ball 2-1: Fly out, F7 (Flyball, 78S, EV 84.4 MPH)
|
| Top of the 6th over - 0 runs, 1 hit, 0 errors, 1 left on base; Lake County 1 - Hickory 4 |
| BOTTOM OF THE 6TH |
|
Hickory Crawdads batting - Pitching for Lake County Captains : RHP Nesty Pulido
|
|
Batting: RHB Zach Thomason
|
0-0: Ball 1-0: Ball 2-0: Foul Ball, location: 2F 2-1: Foul Ball, location: 2F 2-2: Foul Ball, location: 2F 2-2: Strikes out swinging
|
|
Batting: RHB Edwin Soto
|
0-0: Called Strike 0-1: Foul Ball, location: 2F 0-2: Ball 1-2: Ball 2-2: Fly out, F8 (Flyball, 89S, EV 93.1 MPH)
|
|
Batting: RHB Eduardo Chavez
|
0-0: Called Strike 0-1: Ground out 5-3 (Groundball, 56, EV 77.5 MPH)
|
| Bottom of the 6th over - 0 runs, 0 hits, 0 errors, 0 left on base; Lake County 1 - Hickory 4 |
| TOP OF THE 7TH |
|
Lake County Captains batting - Pitching for Hickory Crawdads : RHP Jared Pollard
|
|
Pitching: RHP Kouchiro Yamaguchi
|
|
|
Batting: RHB Leo Villa
|
0-0: Ball 1-0: Ball 2-0: Foul Ball, location: 2F 2-1: Foul Ball, location: 2F 2-2: Foul Ball, location: 2F 2-2: Strikes out looking
|
|
Batting: RHB Tacito Carreiro
|
0-0: Ball 1-0: Swinging Strike 1-1: Ball 2-1: Foul Ball, location: 2F 2-2: Strikes out looking
|
|
Batting: RHB Juan Ordonez
|
0-0: Ball 1-0: Ball 2-0: Ground out 6-3 (Groundball, 6M, EV 78.1 MPH)
|
| Top of the 7th over - 0 runs, 0 hits, 0 errors, 0 left on base; Lake County 1 - Hickory 4 |
| BOTTOM OF THE 7TH |
|
Hickory Crawdads batting - Pitching for Lake County Captains : RHP Nesty Pulido
|
|
Batting: RHB Aaron Moore
|
0-0: Ground out 4-3 (Groundball, 4, EV 107.5 MPH)
|
|
Batting: RHB Danny Murillo
|
0-0: DOUBLE (Flyball, 78D, EV 97.5 MPH)
|
|
Batting: RHB Dermott Neill
|
0-0: Called Strike Danny Murillo steals 3rd base (no throw) 0-1: 2-RUN HOME RUN (Flyball, 7D, EV 98.1 MPH), Distance : 386 ft
|
|
Pitching: RHP Steven Costanza
|
|
|
Batting: LHB Alfonso Collazo
|
0-0: Swinging Strike 0-1: Ball 1-1: Called Strike 1-2: Foul Ball, location: 2F 1-2: Foul Ball, location: 2F 1-2: Ball 2-2: SINGLE (Groundball, 4MD, EV 101.2 MPH)
|
|
Batting: RHB Danny Weisse
|
0-0: Called Strike 0-1: Fly out, F5 (Popup, 56S, EV 86.2 MPH)
|
|
Batting: RHB Jose Pineda
|
0-0: Foul Ball, location: 2F 0-1: Foul Ball, location: 2F 0-2: Ball 1-2: Ground out 4-3 (Groundball, 34, EV 81.9 MPH)
|
| Bottom of the 7th over - 2 runs, 3 hits, 0 errors, 1 left on base; Lake County 1 - Hickory 6 |
| TOP OF THE 8TH |
|
Lake County Captains batting - Pitching for Hickory Crawdads : RHP Kouchiro Yamaguchi
|
|
Batting: LHB Frank Hill
|
0-0: Foul Ball, location: 2F 0-1: Ball 1-1: Swinging Strike 1-2: Strikes out swinging
|
|
Batting: RHB Tony Gonzales
|
0-0: Ball 1-0: Ball 2-0: Called Strike 2-1: Ball 3-1: Base on Balls
|
|
Batting: RHB Josh Patterson
|
0-0: Ball 1-0: Grounds into double play, 5-4-3 (Groundball, 56S, EV 81.9 MPH)
|
| Top of the 8th over - 0 runs, 0 hits, 0 errors, 0 left on base; Lake County 1 - Hickory 6 |
| BOTTOM OF THE 8TH |
|
Hickory Crawdads batting - Pitching for Lake County Captains : RHP Steven Costanza
|
|
Batting: RHB Zach Thomason
|
0-0: Ball 1-0: Ground out 6-3 (Groundball, 6, EV 86.9 MPH)
|
|
Batting: RHB Edwin Soto
|
0-0: Ball 1-0: Ball 2-0: Ball 3-0: Base on Balls
|
|
Batting: RHB Eduardo Chavez
|
0-0: Ball 1-0: Called Strike 1-1: Ball 2-1: Called Strike 2-2: Grounds into double play, 6-4-3 (Groundball, 6, EV 83.8 MPH)
|
| Bottom of the 8th over - 0 runs, 0 hits, 0 errors, 0 left on base; Lake County 1 - Hickory 6 |
| TOP OF THE 9TH |
|
Lake County Captains batting - Pitching for Hickory Crawdads : RHP Kouchiro Yamaguchi
|
|
Batting: LHB Esteban Cordova
|
0-0: Ball 1-0: Called Strike 1-1: Ball 2-1: Foul Ball, location: 2F 2-2: Strikes out looking
|
|
Batting: RHB Jose Valtierra
|
0-0: Ball 1-0: Foul Ball, location: 2F 1-1: Called Strike 1-2: Strikes out swinging
|
|
Batting: RHB Patrick Pinault
|
0-0: Ball 1-0: Ball 2-0: Called Strike 2-1: Foul Ball, location: 2F 2-2: Ball 3-2: Strikes out looking
|
| Top of the 9th over - 0 runs, 0 hits, 0 errors, 0 left on base; Lake County 1 - Hickory 6 |
|